 Dungeon Crawl Stone Soup version 0.30.0-19-g36f170ea60 (webtiles) character file.

Game seed: 13601154627566012210

134 Graphine the Ducker (level 5, -5/42 HPs)
             Began as a Merfolk Monk on May 29, 2023.
             Slain by Menkaure (20 damage)
             ... on level 4 of the Dungeon.
             The game lasted 00:06:24 (2626 turns).

Graphine the Ducker (Merfolk Monk)                  Turns: 2626, Time: 00:06:24

Health: -5/42      AC:  4    Str: 11    XL:     5   Next: 17%
Magic:  16/16      EV: 14    Int:  9    God:
Gold:   104        SH:  0    Dex: 19    Spells: 7/7 levels left

rFire   . . .        n - +2 dagger (venom)
rCold   + . .        d - orb {light}
rNeg    . . .        h - +0 leather armour
rPois   .            l - +0 helmet
rElec   .            (no cloak)
rCorr   .            (no gloves)
SInv    .            (no boots)
Will    .....        (no amulet)
Stlth   +            g - ring of magical power
HPRegen 0.27/turn    i - ring of protection from cold
MPRegen 0.15/turn

%: no passive effects
@: glowing
A: (nimble swimmer 2), mertail
a: no special abilities


You were on level 4 of the Dungeon.
You visited 1 branch of the dungeon, and saw 5 of its levels.

You collected 104 gold pieces.

Inventory:

Hand Weapons
 a - a +0 falchion
 n - a +2 dagger of venom (weapon)
 o - a +0 short sword
Missiles
 j - 4 atropa-tipped darts (quivered)
Armour
 d - an orb of light (worn)
 h - a +0 leather armour (worn)
 l - a +0 helmet (worn)
Jewellery
 g - a ring of magical power (left hand)
 i - a ring of protection from cold (right hand)
Wands
 s - a wand of flame (10)
Scrolls
 b - a scroll of identify
 k - a scroll of immolation {unknown}
 m - 2 scrolls of amnesia
 r - a scroll of poison {unknown}
Potions
 c - a potion of ambrosia
 f - a potion of lignification
 p - a potion of attraction
 q - a potion of haste {unknown}


   Skills:
 * Level 4.1 Fighting
 * Level 4.4 Long Blades
 * Level 5.0 Dodging
 * Level 1.5 Spellcasting
 * Level 2.2 Transmutations


You had 7 spell levels left.
You didn't know any spells.
Your spell library was empty.

Dungeon Overview and Level Annotations

Branches:
Dungeon (5/15)
 Temple: D:4-7

Altars:

Annotations:
D:4 Menkaure


Innate Abilities, Weirdness & Mutations

((You are very nimble when in or above water. (Stealth+, EV+, Speed+++)))
Your lower body shifts to a powerful aquatic tail in water.


Message History

Unknown command.
You feel better. Menkaure closely misses you.
You are too injured to fight recklessly!
Throw: 6 darts (atropa)
Press: ? - help, Q - select action, (/) - cycle Shift-Dir - straight line, f/p - Menkaure
Aim: Menkaure (fast, haloed, 94% to hit, immune)
You throw an atropa-tipped dart. The atropa-tipped dart hits Menkaure.
Menkaure is unaffected.
Menkaure misses you.
Hit: n) +2 dagger (venom)
Press: ? - help, Dir - move target, f/p - Menkaure
Aim: Menkaure (fast, haloed, about 6% to evade your +2 dagger of venom)
You hit Menkaure.
Menkaure is lightly damaged.
Menkaure misses you.
Unknown command.
Hit: n) +2 dagger (venom)
Press: ? - help, Dir - move target, f/p - Menkaure
Aim: Menkaure (lightly damaged, fast, haloed, about 6% to evade your +2 dagger of venom)
You hit Menkaure.
Menkaure is moderately damaged.
Menkaure barely misses you.
Hit: n) +2 dagger (venom)
Press: ? - help, Dir - move target, f/p - Menkaure
Aim: Menkaure (moderately damaged, fast, haloed, about 6% to evade your +2 dagger of venom)
Okay, then.
You are too injured to fight recklessly!
Throw: 5 darts (atropa)
Press: ? - help, Q - select action, (/) - cycle Shift-Dir - straight line, f/p - Menkaure
Aim: Menkaure (moderately damaged, fast, haloed, 94% to hit, immune)
You throw an atropa-tipped dart. The atropa-tipped dart hits Menkaure.
Menkaure is unaffected.
Menkaure is moderately damaged.
Menkaure calls on the powers of darkness!
Your body is wracked with pain!
* * * LOW HITPOINT WARNING * * *
You feel better.
Menkaure rustles, "It doesn't hurt if you pull your brain out of your nose yourself."
Menkaure closely misses you. Menkaure hits you!!
You die...

.. ..# .######..#
..$......# (.
...(..=.. ...
........# #.#
#......## #.#
#M....... #.# #@#
# #.# #.##.#
#.######....#
#.........###
#....####.#
##.#.# #.# #.#.#
#.# ##.#.####.#
#.#####.....[.#.#


You could see Menkaure (fast).

Vanquished Creatures
  Jessica (D:3)
  3 gnolls (D:3)
  An adder (D:2)
  3 worms (D:2)
  2 dart slugs
  A bat (D:3)
  3 endoplasms
  5 giant cockroaches
  4 goblins
  5 hobgoblins
  3 jackals (D:2)
  11 kobolds
  2 quokkas
  5 ball pythons
  5 frilled lizards
  2 rats (D:2)
56 creatures vanquished.

Notes
Turn   | Place    | Note
-------+----------+-------------------------------------------
     0 | D:1      | Graphine the Merfolk Monk began the quest for the Orb.
     0 | D:1      | Reached XP level 1. HP: 18/18 MP: 1/1
    99 | D:1      | Reached XP level 2. HP: 24/24 MP: 2/2
   603 | D:1      | Found a faded altar of an unknown god.
  1134 | D:2      | Reached skill level 1 in Transmutations
  1134 | D:2      | Reached XP level 3. HP: 26/30 MP: 3/3
  1393 | D:2      | Reached skill level 1 in Spellcasting
  1393 | D:2      | HP: 1/30 [poisoned by a hobgoblin]
  1524 | D:2      | Reached XP level 4. HP: 37/37 MP: 5/5
  2153 | D:3      | Noticed Jessica
  2156 | D:3      | Killed Jessica
  2157 | D:3      | Reached skill level 5 in Dodging
  2157 | D:3      | Reached XP level 5. HP: 42/42 MP: 7/7
  2584 | D:3      | You fall into a shaft and drop 2 floors!
  2584 | D:5      | Entered Level 5 of the Dungeon
  2615 | D:4      | Noticed Menkaure
  2626 | D:4      | Slain by Menkaure

Illustrated notes

Levels and vault maps discovered:
D:1:      wheals_arrival_linesprint, layout_loops_corners,
          basic_ecumenical_altar, wad_floor_pattern_untrapped,
          minmay_tetromino_i2
D:2:      layout_rooms, serial_bayou_pond_d, minmay_strange_pillars,
          minmay_indecisive_spiral
D:3:      layout_loops_corners, mainiacjoe_overflow_alcove_2,
          ebering_ghost_reflecting_pool, uniq_natasha, uniq_sigmund,
          uniq_jessica
D:4:      layout_loops_ring, chequers_temple_overflow_minitemple, uniq_menkaure,
          uniq_ijyb, uniq_robin
D:5:      layout_basic, gammafunk_temple_overflow_wave, serial_bayou,
          serial_bayou_shore_b, serial_bayou_pond_a, serial_bayou_lagoon_a,
          serial_bayou_pond_a, uniq_grinder

Skill      XL: |  1  2  3  4 |
---------------+-------------+-----
Long Blades    | 4 |  4.4
Transmutations | 1 2 |  2.2
Spellcasting   | 1 |  1.5
Fighting       | 4 |  4.1
Dodging        | 5 |  5.0

Action                     |  1- 3 |  4- 6 || total
---------------------------+-------+-------++-------
  Melee: Falchion          |    83 |       ||    83
         Dagger            |     3 |    52 ||    55
  Throw: Dart              |     1 |     4 ||     5
    Use: Scroll            |     3 |     6 ||     9
         Potion            |     1 |     2 ||     3
   Stab: Invisible         |     1 |       ||     1
 Armour: Robe              |     5 |       ||     5
         Leather armour    |    19 |     6 ||    25
  Dodge: Dodged            |    64 |    34 ||    98
